 Dungeon Crawl Stone Soup version 0.18-a0-1164-g7046a04 (webtiles) character file.

1460 Duffy the Fighter (level 8, -16/55 HPs)
             Began as a Gargoyle Fighter on Jan 25, 2016.
             Demolished by an orc warrior
             ... wielding a +0 war axe
              (22 damage)
             ... on level 6 of the Dungeon.
             The game lasted 00:05:43 (5658 turns).

Duffy the Fighter (Gargoyle Fighter)                Turns: 5658, Time: 00:05:43

Health: -16/55     AC: 14    Str: 21    XL:     8   Next: 76%
Magic:  8/8        EV:  7    Int: 10    God:
Gold:   312        SH:  9    Dex:  9    Spells: 0 memorised, 7 levels left

rFire  . . .     SeeInvis .     a - +0 war axe
rCold  . . .     Gourm    .     b - +0 scale mail
rNeg   + . .     Faith    .     c - +0 shield
rPois  ∞         Spirit   .     (no helmet)
rElec  +         Dismiss  .     g - +0 cloak
rCorr  .         Reflect  .     u - +0 pair of gloves
SustAt .         Harm     +     A - -1 pair of boots (curse)
MR     .....                    F - amulet of harm
Stlth  ..........               (no ring)
                                (no ring)

@: not resistant to hostile enchantments, extremely unstealthy
A: negative energy resistance 1, electricity resistance, unbreathing,
petrification resistance, rot immunity, AC +5
a: no special abilities


You were on level 6 of the Dungeon.
You were hungry.

You visited 1 branch of the dungeon, and saw 6 of its levels.
You also visited: Sewer.

You collected 312 gold pieces.


Innate Abilities, Weirdness & Mutations

You are resistant to torment.
Your stone body is resilient (AC +5).
You are immune to poison.
You resist negative energy.
You are resistant to electric shocks.
You can survive without breathing.
You are immune to petrification.
You are immune to rotting.


   Skills:
 + Level 8.3 Fighting
 + Level 7.4 Axes
 - Level 3.2 Armour
 - Level 3.2 Shields


You had 7 spell levels left.
You didn't know any spells.

Inventory:

Hand Weapons
 a - a +0 war axe (weapon)
Missiles
 j - 21 poisoned needles
Armour
 b - a +0 scale mail (worn)
 c - a +0 shield (worn)
 g - a +0 cloak (worn)
 u - a +0 pair of gloves (worn)
 A - a cursed -1 pair of boots (worn)
Jewellery
 F - an amulet of harm (around neck)
Scrolls
 h - 5 scrolls of remove curse {unknown}
 i - 2 scrolls of amnesia {unknown}
 n - 2 scrolls of teleportation {unknown}
 o - 4 scrolls of magic mapping {unknown}
 p - 6 scrolls of identify {unknown}
 q - 2 scrolls of enchant armour {unknown}
 s - a scroll of fog {unknown}
 t - 4 scrolls of recharging {unknown}
 y - 3 scrolls of fear {unknown}
 D - a scroll of enchant weapon {unknown}
 E - 2 scrolls of random uselessness {unknown}
 I - a scroll of immolation {unknown}
 J - a scroll of brand weapon {unknown}
Potions
 d - 2 potions of might
 e - a potion of cure mutation {unknown}
 k - 3 potions of heal wounds {unknown}
 r - 3 potions of poison {unknown}
 v - 4 potions of curing {unknown}
 w - 2 potions of brilliance {unknown}
 x - a potion of magic {unknown}
 z - a potion of lignification {unknown}
 G - a potion of resistance {unknown}
 H - a potion of mutation {unknown}
Books
 C - a book of Frost
Comestibles
 f - 2 bread rations
 l - 2 meat rations
 m - 15 fruits
 B - a slice of pizza
 K - 6 chunks of flesh

Dungeon Overview and Level Annotations

Branches:
Dungeon (6/15)
 Temple: D:4-7

Altars:
Dithmenos
Elyvilon
Makhleb
Trog
Vehumet
Xom
Zin

Shops:
D:4 }

Annotations:
D:5 2 runed doors


Message History

You are feeling hungry.
The giant frog hits you.
The giant frog hits you but does no damage.
Your shield and scale mail prevent you from hitting the giant frog.
The giant frog hits you but does no damage.
You block the giant frog's attack.
You slash the giant frog!
The giant frog is severely wounded.
You block the giant frog's attack.
The giant frog hits you but does no damage.
You slash the giant frog!
You kill the giant frog!
You slash the giant frog skeleton!
The giant frog skeleton hits you but does no damage.
You block the giant frog skeleton's attack.
You slash the giant frog skeleton!
The giant frog skeleton closely misses you.
The giant frog skeleton barely misses you.
You completely miss the giant frog skeleton.
The giant frog skeleton hits you but does no damage.
You slash the giant frog skeleton!
You destroy the giant frog skeleton!
The orc warrior closely misses you.
You barely miss the orc warrior.
The orc warrior hits you with a war axe!
You closely miss the orc warrior. The orc warrior barely misses you.
You closely miss the orc warrior. You block the orc warrior's attack.
You barely miss the orc warrior. The orc warrior barely misses you.
You barely miss the orc warrior.
The orc warrior hits you with a war axe!
You hit the orc warrior but do no damage.
You block the orc warrior's attack.
You hit the orc warrior but do no damage.
The orc warrior hits you with a war axe!!
You die...

### ..# _.# ..# .
..##################F...
................@oooo...
..##################....
..# . ..# ..# #. ###
###########...
#.............
#.........#(..
#.............


You could see an orc warrior, a giant frog and 3 orcs.

Action                   |  1- 3 |  4- 6 |  7- 9 || total
-------------------------+-------+-------+-------++-------
Melee: War axe           |    97 |   217 |   203 ||   517
  Use: Potion            |       |     1 |     1 ||     2
  Eat: Chunk             |       |     6 |    10 ||    16

Notes
Turn   | Place    | Note
--------------------------------------------------------------
     0 | D:1      | Duffy the Gargoyle Fighter began the quest for the Orb.
     0 | D:1      | Reached XP level 1. HP: 14/14 MP: 1/1
    13 | D:1      | Reached skill level 2 in Axes
   319 | D:1      | Reached XP level 2. HP: 19/19 MP: 2/2
   432 | D:2      | Reached skill level 3 in Axes
   678 | D:3      | Reached XP level 3. HP: 23/23 MP: 3/3
   933 | D:3      | Found a shimmering altar of Xom.
  1034 | D:3      | Reached XP level 4. HP: 21/28 MP: 4/4
  1041 | D:3      | Found a glowing drain.
  1062 | Sewer    | Entered a sewer
  1423 | Sewer    | Reached skill level 4 in Fighting
  1423 | Sewer    | Reached skill level 4 in Axes
  1426 | Sewer    | Reached XP level 5. HP: 33/33 MP: 5/5
  1769 | Sewer    | Reached skill level 5 in Fighting
  1769 | Sewer    | Reached XP level 6. HP: 11/40 MP: 6/6
  1779 | Sewer    | Reached skill level 5 in Axes
  2174 | D:3      | Found a white marble altar of Elyvilon.
  2175 | D:3      | Found a radiant altar of Vehumet.
  2455 | D:4      | Reached XP level 7. HP: 36/45 MP: 7/7
  2534 | D:5      | Entered Level 5 of the Dungeon
  2707 | D:4      | Found Fyvem's Gadget Shoppe.
  2730 | D:4      | Reached skill level 6 in Fighting
  2994 | D:5      | Found a bloodstained altar of Trog.
  3145 | D:5      | Found a runed door.
  3158 | D:5      | Found a runed door.
  3717 | D:5      | Reached skill level 6 in Axes
  3724 | D:6      | Noticed tasslehoff34's ghost (novice HOFi)
  4938 | D:4      | Found a glowing silver altar of Zin.
  4942 | D:4      | Found a shadowy altar of Dithmenos.
  5315 | D:6      | Reached skill level 7 in Fighting
  5315 | D:6      | Reached XP level 8. HP: 51/53 MP: 8/8
  5339 | D:6      | Killed tasslehoff34's ghost
  5339 | D:6      | Reached skill level 8 in Fighting
  5339 | D:6      | Reached skill level 7 in Axes
  5525 | D:6      | Found a burning altar of Makhleb.
  5658 | D:6      | Demolished by an orc warrior

Vault maps used:
D:1:      dpeg_arrival_refuge, nrook_mini_vaults, serial_bayou_lagoon_b
D:3:      overflow_temple_1_default, nicolae_overflow_crystal_walls,
          gammafunk_temple_overflow_statue, portal_sewer_entry_e,
          minmay_rats_cheesy_pizza
D:4:      nicolae_overflow_hidden_temple, serial_shops, shop
D:5:      lemuel_insect_pit, bloody_trog, first_bread,
          kennysheep_generic_room_15
D:6:      lemuel_round_altar, bloody_makhleb, minmay_temple_entry_poolview
Sewer:    sewer_minmay_w

Vanquished Creatures
  The ghost of tasslehoff34 the Shield-Bearer, a novice HOFi
  A centaur
  An ogre
  3 giant frogs
  A scorpion
  An orc priest
  2 giant frog skeletons
  2 iguanas
  7 worker ants
  A hound zombie
  A hound skeleton
  12 adders
  7 river rats
  3 shadow imps
  2 oozes
  A worm
  5 giant geckos
  4 orcs
  12 ball pythons
  4 giant cockroaches
  A goblin
  3 hobgoblins
  6 jackals
  2 bats
  7 giant newts
  6 kobolds
  2 quokka skeletons
  31 rats
129 creatures vanquished.
